 Dungeon Crawl Stone Soup version 0.30.1-4-g462c640d31 (webtiles) character file.

Game seed: 8369352686398280765

112 Ninjinzu the Slasher (level 4, -5/38 HPs)
             Began as a Demonspawn Berserker on Sept 9, 2023.
             Was a Believer of Trog.
             Killed by nerve-wracking pain
             ... invoked by an orc priest
              (13 damage)
             ... on level 3 of the Dungeon.
             The game lasted 00:06:20 (1790 turns).

Ninjinzu the Slasher (Demonspawn Berserker)         Turns: 1790, Time: 00:06:21

Health: -5/38      AC:  9    Str: 19    XL:     4   Next: 64%
Magic:  4/4        EV:  5    Int:  8    God:    Trog [**....]
Gold:   161        SH: 11    Dex: 13    Spells: 3/3 levels left

rFire   . . .        a - +0 falchion
rCold   . . .        o - +0 tower shield
rNeg    . . .        q - +0 chain mail
rPois   .            (no helmet)
rElec   .            (no cloak)
rCorr   .            (no gloves)
SInv    .            (no boots)
Will    .....        n - amulet of the acrobat Stlth
                     (no ring)
HPRegen 0.26/turn    (no ring)
MPRegen 0.09/turn

%: acrobat
@: no status effects
A: rugged brown scales 1, powered by death 1
a: Renounce Religion, Berserk, Trog's Hand


You were on level 3 of the Dungeon.
You worshipped Trog.
Trog was pleased with you.
You visited 1 branch of the dungeon, and saw 3 of its levels.

You collected 161 gold pieces.

Inventory:

Hand Weapons
 a - a +0 falchion (weapon)
Armour
 b - a +0 animal skin
 j - a +0 leather armour
 o - a +0 tower shield (worn)
 q - a +0 chain mail (worn)
Jewellery
 n - an amulet of the acrobat (around neck)
 s - an amulet of faith
Scrolls
 c - 5 scrolls of identify {unknown}
 d - a scroll of amnesia {unknown}
 g - 2 scrolls of blinking {unknown}
 h - a scroll of immolation {unknown}
 k - a scroll of enchant armour {unknown}
 l - a scroll of noise {unknown}
 m - a scroll of vulnerability {unknown}
Potions
 e - 3 potions of curing {unknown}
 f - 2 potions of magic {unknown}
 i - a potion of berserk rage {unknown}
 p - a potion of attraction {unknown}
 r - a potion of degeneration {unknown}
 t - a potion of resistance {unknown}
 u - a potion of flight {unknown}


   Skills:
 + Level 3.7 Fighting
 + Level 3.9 Long Blades
 + Level 2.0 Armour
 + Level 2.3 Dodging
 + Level 0.8 Shields


You had 3 spell levels left.
You didn't know any spells.
Your spell library was empty.

Dungeon Overview and Level Annotations

Branches:
Dungeon (3/15)

Altars:


Innate Abilities, Weirdness & Mutations

You are partially covered in rugged brown scales. (AC +1, +3% HP)
You regenerate a little health from kills.


Message History

You kill the adder!
Trog accepts your kill.
The orc priest invokes the aid of Beogh against you.
You barely resist.
The orc priest calls down the wrath of Beogh upon you.
Beogh smites you!
Items here: ( ))) †††.
An orc priest is nearby!
The orc priest looks encouraged for a moment.
The orc priest casts a cantrip, but nothing happens.
The orc priest closely misses you.
You hit the orc priest but do no damage.
You block the orc priest's attack.
You barely miss the orc priest.
The orc priest looks braver for a moment.
The orc attacks as you move away! The orc hits you with a +0 dagger.
The orc priest invokes the aid of Beogh against you.
Beogh smites you!
You slash the orc!
You kill the orc!
Trog accepts your kill. You block the orc priest's attack.
Things that are here:
a +0 dagger; an orc corpse You slash the orc priest!
The orc priest is heavily wounded.
The orc priest barely misses you.
You barely miss the orc priest.
The orc priest is heavily wounded.
You block the orc priest's attack.
The orc priest hits you with a +0 hand axe.
* * * LOW HITPOINT WARNING * * *
You hit the orc priest.
The orc priest is heavily wounded.
The orc priest hits you but does no damage.
You hit the orc priest.
The orc priest is almost dead.
The orc priest calls down the wrath of Beogh upon you.
Pain shoots through your body!
You die... .. #.### #.# #....## #.# #..###### #.# ####.......# #.# #.........#.## #.# ..#######....# #.# ### #oo

##.#.######.###.#######
#..o
#.#.o@................
#...o
#)########.#.....#####
#.8.. #o# #............
#.. #o# ##...(.....###
#.# #...........# #.#
#...........# #.#
##)........## #.#
#......†.#### ..#
#.#.....#....


You could see an orc priest.

Vanquished Creatures
  5 adders
  2 dart slugs (D:2)
  4 orcs (D:3)
  8 ball pythons
  4 bats
  8 endoplasms
  2 giant cockroaches
  3 goblins
  8 hobgoblins
  2 jackals (D:2)
  3 frilled lizards
  4 kobolds
  2 rats (D:1)
55 creatures vanquished.

Notes
Turn   | Place    | Note
-------+----------+-------------------------------------------
     0 | D:1      | Ninjinzu the Demonspawn Berserker began the quest for the
                  | Orb.
     0 | D:1      | Reached XP level 1. HP: 18/18 MP: 1/1
   101 | D:1      | Gained mutation: You regenerate a little health from kills.
                  | [demonic ancestry]
   101 | D:1      | Reached XP level 2. HP: 14/24 MP: 2/2
   766 | D:2      | Gained mutation: You are partially covered in rugged brown
                  | scales. (AC +1, +3% HP) [demonic ancestry]
   766 | D:2      | Reached XP level 3. HP: 29/29 MP: 3/3
   835 | D:2      | Reached ** piety under Trog
   890 | D:2      | HP: 1/29 [adder (3)]
   965 | D:2      | Reached XP level 4. HP: 17/36 MP: 4/4
  1790 | D:3      | Killed from afar by an orc priest

Illustrated notes

Levels and vault maps discovered:
D:1:      eino_arrival_water_cross, layout_loops_ring,
          ebering_dispersal_statue_hall
D:2:      layout_rooms, minmay_misc_feat_nine_boxes, chequers_garden
D:3:      cheibrodos_pilgrimage, layout_basic, okawaru_metal_pillars_1_2

Skill      XL: |  1  2 |
---------------+-------+-----
Long Blades    | 3 |  3.9
Armour         | 2 |  2.0
Dodging        | 2 |  2.3
Fighting       | |  3.7
Shields        | |  0.8

Action                     |  1- 3 |  4- 6 || total
---------------------------+-------+-------++-------
  Melee: Falchion          |   118 |    55 ||   173
 Invoke: Berserk           |     1 |       ||     1
    Use: Potion            |     2 |       ||     2
 Armour: Animal skin       |    14 |       ||    14
         Leather armour    |    34 |     8 ||    42
         Chain mail        |       |     6 ||     6
  Dodge: Dodged            |    66 |    17 ||    83
  Block: Tower shield      |    34 |    28 ||    62
